 Dungeon Crawl Stone Soup version 0.24.1-11-gbbbb2193e6 (webtiles) character file.

Game seed: 1442636122213285827, levelgen mode: deterministic

9 lepoulpe303 the Sneak (level 2, 0/13 HPs)
             Began as a Spriggan Enchanter on May 15, 2020.
             Slain by a goblin
             ... wielding a +0 dagger
              (3 damage)
             ... on level 1 of the Dungeon.
             The game lasted 00:01:49 (527 turns).

lepoulpe303 the Sneak (Spriggan Enchanter)           Turns: 527, Time: 00:01:50

Health: 0/13       AC:  2    Str:  4    XL:     2   Next: 3%
Magic:  6/6        EV: 18    Int: 16    God:
Gold:   11         SH:  0    Dex: 16    Spells: 3/6 levels left

rFire    . . .     SeeInvis +   a - +1 dagger
rCold    . . .     Gourm    .   (shield restricted)
rNeg     . . .     Faith    .   b - +0 robe
rPois    .         Spirit   .   (helmet restricted)
rElec    .         Reflect  .   (no cloak)
rCorr    .         Harm     .   (gloves unavailable)
MR       .....                  (boots unavailable)
Stlth    +++.......             (no amulet)
HPRegen  0.04/turn              (no ring)
MPRegen  0.10/turn              (no ring)

@: very quick
A: very small, unfitting armour, see invisible, herbivore, speed 3, slow
metabolism 2
a: no special abilities


You were on level 1 of the Dungeon.
You were not hungry.

You visited 1 branch of the dungeon, and saw 1 of its levels.

You collected 11 gold pieces.

Inventory:

Hand Weapons
 a - a +1 dagger (weapon)
Armour
 b - a +0 robe (worn)
Potions
 c - a potion of lignification {unknown}
 d - a potion of curing {unknown}
Comestibles
 e - a ration


   Skills:
 + Level 1.8 Short Blades
 - Level 3.0 Dodging
 + Level 4.9 Stealth
 - Level 2.6 Spellcasting
 - Level 3.6 Hexes


You had 3 spell levels left.
You knew the following spells:

 Your Spells              Type           Power        Failure   Level  Hunger
a - Ensorcelled Hibernat  Hex/Ice        #.....       14%         2    ##.....
v - Corona                Hex            ##.....      4%          1    #......

Your spell library contained the following spells:

 Spells                   Type           Power        Failure   Level  Hunger
 Confuse                  Hex            ##......     13%         3    ###....
 Tukima's Dance           Hex            ##......     13%         3    ###....
 Dazzling Spray           Conj/Hex       #.....       28%         3    ###....


Dungeon Overview and Level Annotations

Branches:
Dungeon (1/15)

Altars:


Innate Abilities, Weirdness & Mutations

You are very small and have problems with some larger weapons.
You are too small for most types of armour.
You have supernaturally acute eyesight. (SInv)
You are a herbivore.
You cover ground extremely quickly.
You need to consume almost no food.


Message History

You take 1 damage, and have 2/13 hp.
The kobold throws a stone.
The stone hits you but does no damage.
You see here a stone.
A goblin comes into view. It is wielding a +0 dagger.
A goblin is nearby!
Unknown command.
You start resting.
The kobold is too close now for your liking.
The goblin shouts!
A hobgoblin comes into view. It is wielding a +0 club.
The hobgoblin shouts!
You hit the hobgoblin but do no damage. The hobgoblin barely misses you.
You barely miss the hobgoblin. The goblin completely misses you.
You hit the hobgoblin but do no damage. The hobgoblin hits you with a +0 club.
* * * LOW HITPOINT WARNING * * *
The goblin barely misses you.
You take 1 damage, and have 3/13 hp.
MP restored: 6 You hit the hobgoblin.
The goblin hits you with a +0 dagger.
You die...

#...........#...#.##.#.#..#
####.###.##.#.....##.#.#..#
# #............#.##.#.#..#
# #..#..##.#.###.##.#....#
####..#..##.#.# #.# ###
#.....#..###### #.#
#.....#... #K#
#.....#.....#.###.####
#.....#####....g@....#
..........#.#.###g.###
.......... #..# .....#.##.
#..# .##..#.# #..# .##..# #
#..# .....# ...# #.##.#.#
#.# .........


You could see a hobgoblin, a goblin and a kobold.

Levels and vault maps discovered:
D:1:      lightli_arrival_statuegarden, layout_basic,
          hangedman_decor_peaks_small, chequers_serial_rivers_small_a

Notes
Turn   | Place    | Note
-------+----------+-------------------------------------------
     0 | D:1      | lepoulpe303 the Spriggan Enchanter began the quest for the
                  | Orb.
     0 | D:1      | Reached XP level 1. HP: 9/9 MP: 5/5
   405 | D:1      | Identified a +0 club
   408 | D:1      | Identified a +0 whip
   421 | D:1      | Reached XP level 2. HP: 12/13 MP: 6/6
   431 | D:1      | Learned a level 2 spell: Ensorcelled Hibernation
   473 | D:1      | HP: 3/13 [kobold/+0 whip (1)]
   504 | D:1      | Identified a +0 dagger
   522 | D:1      | Identified a +0 club
   526 | D:1      | HP: 3/13 [hobgoblin/+0 club (1)]
   527 | D:1      | Slain by a goblin

Table legend:
 A = Turns spent in this place as a percentage of turns spent in the entire game.
 B = Non-inter-level travel turns spent in this place as a percentage of non-inter-level travel turns spent in the entire game.
 C = Inter-level travel turns spent in this place as a percentage of turns spent in this place.
 D = Turns resting spent in this place as a percentage of non-inter-level travel turns spent in this place.
 E = Turns spent auto-exploring this place as a percentage of non-inter-level travel turns spent in this place.
 F = Non-inter-level travel turns spent in this place divided by the number of levels of this place that you've seen.
                   A       B       C       D       E      F
               +-------+-------+-------+-------+-------+----------------------
         Total | 100.0 | 100.0 |   0.0 |  53.3 |  20.3 | 527.0
       Dungeon | 100.0 | 100.0 |   0.0 |  53.3 |  20.3 | 527.0
               +-------+-------+-------+-------+-------+----------------------

Table legend:
 A = Kills in this place as a percentage of kills in entire the game.
 B = Kills by you in this place as a percentage of kills by you in the entire game.
 C = Kills by friends in this place as a percentage of kills by friends in the entire game.
 D = Other kills in this place as a percentage of other kills in the entire game.
 E = Experience gained in this place as a percentage of experience gained in the entire game.
 F = Experience gained in this place divided by the number of levels of this place that you have seen.
                   A       B       C       D       E      F
               +-------+-------+-------+-------+-------+----------------------
         Total | 100.0 | 100.0 |   N/A |   N/A | 100.0 |  13.0
       Dungeon | 100.0 | 100.0 |   N/A |   N/A | 100.0 |  13.0
               +-------+-------+-------+-------+-------+----------------------

Action                   || total
-------------------------++-------
Melee: Dagger            ||    51
 Cast: Ensorcelled Hiber ||     2
 Stab: Sleeping          ||     1
Armor: Robe              ||     5
Dodge: Dodged            ||    43

Vanquished Creatures
  A dart slug (D:1)
  A bat (D:1)
  A goblin (D:1)
  2 hobgoblins (D:1)
  A frilled lizard (D:1)
6 creatures vanquished.
